 Dungeon Crawl Stone Soup version 0.30.1-11-g7821555f0a (webtiles) character file.

Game seed: 10071763643776782142

941 Eitelfritz the Ruffian (level 7, 0/67 HPs)
             Began as a Troll Fighter on Dec 16, 2023.
             Slain by a kobold brigand
             ... wielding a +0 short sword
              (7 damage)
             ... on level 6 of the Dungeon.
             The game lasted 00:08:17 (3254 turns).

Eitelfritz the Ruffian (Troll Fighter)              Turns: 3254, Time: 00:08:18

Health: 0/67       AC:  9    Str: 25    XL:     7   Next: 88%
Magic:  6/6        EV:  9    Int:  6    God:
Gold:   275        SH:  8    Dex:  9    Spells: 6/6 levels left

rFire   . .          .
                       - Unarmed
rCold   + . .        b - +0 kite shield
rNeg    . . .        a - +0 robe
rPois   .            t - +2 hat
rElec   .            w - +2 cloak
rCorr   .            (gloves unavailable)
SInv    .            (boots unavailable)
Will    .....        (no amulet)
Stlth   +            k - ring of protection from cold
HPRegen 1.11/turn    (no ring)
MPRegen 0.10/turn

%: no passive effects
@: lethally poisoned (0 -> -2), slowed, very slow
A: large, unfitting armour, claws 3, regeneration 1, shaggy fur 1, tough skin 1
a: no special abilities


You were on level 6 of the Dungeon.
You visited 1 branch of the dungeon, and saw 6 of its levels.

You collected 275 gold pieces.

Inventory:

Hand Weapons
 g - a +0 flail
Missiles
 i - 2 silver javelins
 s - 19 poisoned darts (quivered)
Armour
 a - a +0 robe (worn)
 b - a +0 kite shield (worn)
 t - a +2 hat (worn)
 w - a +2 cloak (worn)
Jewellery
 k - a ring of protection from cold (left claw)
Scrolls
 x - a scroll of enchant armour
Potions
 c - 2 potions of might
 d - 3 potions of curing
 e - a potion of flight
 f - 4 potions of heal wounds
 h - a potion of magic
 j - 2 potions of attraction
 l - 3 potions of berserk rage
 m - a potion of lignification {unknown}
 n - a potion of brilliance {unknown}
 p - a potion of mutation {unknown}
 q - a potion of resistance {unknown}
 r - a potion of degeneration {unknown}
 v - a potion of invisibility


   Skills:
 + Level 3.3 Fighting
 + Level 4.5 Dodging
 + Level 0.6 Stealth
 + Level 4.5 Shields
 + Level 6.0 Unarmed Combat


You had 6 spell levels left.
You didn't know any spells.
Your spell library contained the following spells:

 Spells                   Type           Power      Damage    Failure   Level
 Summon Small Mammal      Summ           0%         N/A       71%         1
 Blink                    Tloc           0%         N/A       83%         2
 Lesser Beckoning         Tloc           0%         N/A       83%         2
 Momentum Strike          Conj/Tloc      0%         3d8       83%         2
 Hailstorm                Conj/Ice       0%         3d3       97%         3
 Ice Form                 Ice/Tmut       0%         N/A       100%        4
 Simulacrum               Ice/Necr       0%         N/A       100%        6


Dungeon Overview and Level Annotations

Branches:
Dungeon (6/15)
 Temple: D:4-7

Altars:
Kikubaaqudgha
Ru
Sif Muna
Trog
Vehumet
Zin


Innate Abilities, Weirdness & Mutations

You are too large for most types of armour.
You have claws for hands.
Your natural rate of healing is unusually fast.
You are covered in fur. (AC +1)
You have tough skin. (AC +1)


Message History

You feel very sick.
The kobold shouts!
The kobold brigand throws a curare-tipped dart.
The curare-tipped dart hits you.
You are more poisoned.
You have difficulty breathing.
You feel as though you will be slow longer.
The kobold throws a stone.
The stone closely misses you.
The kobold brigand throws a curare-tipped dart.
The curare-tipped dart barely misses you.
You feel extremely sick.
The kobold brigand throws a curare-tipped dart.
The curare-tipped dart barely misses you.
You feel very sick.
You claw the kobold!
You kill the kobold!
You feel very sick.
The kobold throws a stone.
The stone hits you but does no damage. The kobold hits you but does no damage.
The kobold brigand throws a curare-tipped dart.
The curare-tipped dart hits you.
You are more poisoned.
You have difficulty breathing.
You feel as though you will be slow longer.
You scratch the kobold but do no damage.
You feel very sick. The kobold hits you but does no damage.
You claw the kobold brigand!
The kobold brigand is heavily wounded.
You feel very sick. The kobold hits you but does no damage.
You block the kobold brigand's attack.
You barely miss the kobold brigand.
The kobold brigand is heavily wounded.
You feel very sick. The kobold hits you but does no damage.
You block the kobold's attack.
The kobold brigand hits you with a +0 short sword.
* * * LOW HITPOINT WARNING * * *
The kobold hits you but does no damage. x2
The kobold brigand hits you with a +0 short sword!
You die...

...................
..................#
.................#
........)).....#
.........))....##
...†....##......#
.#.....####.....#
.##....# ##....##
.##....# #...K@#
.##.....# ##..KK#
.##.....# #...K....
..#.....#
#......###
......... .......##
............####..
#.......#..# #...
....... ##. ...##
......#


You could see a kobold brigand and 3 kobolds.

Vanquished Creatures
  Sigmund (D:3)
  An ogre (D:5)
  3 scorpions
  A hound (D:5)
  4 orc priests
  Crazy Yiuf (D:3)
  2 jellies
  5 orc wizards
  7 adders
  5 worms
  3 dart slugs
  17 orcs
  4 ball pythons
  3 endoplasms
  2 giant cockroaches
  5 goblins
  3 hobgoblins
  3 jackals (D:2)
  9 kobolds
  8 quokkas
  4 bats
  A frilled lizard (D:2)
  3 rats
95 creatures vanquished.

Notes
Turn   | Place    | Note
-------+----------+-------------------------------------------
     0 | D:1      | Eitelfritz the Troll Fighter began the quest for the Orb.
     0 | D:1      | Reached XP level 1. HP: 22/22 MP: 0/0
    93 | D:1      | Reached XP level 2. HP: 29/29 MP: 1/1
   713 | D:2      | Reached XP level 3. HP: 34/36 MP: 2/2
  1372 | D:2      | Reached skill level 3 in Unarmed Combat
  1372 | D:2      | Reached XP level 4. HP: 42/44 MP: 3/3
  1665 | D:3      | Found an ancient bone altar of Kikubaaqudgha.
  1666 | D:3      | Found a shimmering blue altar of Sif Muna.
  1668 | D:3      | Found a radiant altar of Vehumet.
  1673 | D:3      | Got Sif Muna's Discourse on Adjuration
  1741 | D:3      | Noticed Sigmund
  1766 | D:3      | Reached XP level 5. HP: 49/52 MP: 4/4
  1771 | D:3      | Killed Sigmund
  1772 | D:3      | Reached skill level 4 in Unarmed Combat
  1772 | D:3      | Reached XP level 6. HP: 54/59 MP: 5/5
  1813 | D:3      | Noticed an angel
  1814 | D:3      | Found a glowing silver altar of Zin.
  1879 | D:3      | Found a bloodstained altar of Trog.
  1903 | D:3      | Found a runed translucent door.
  1904 | D:3      | Noticed Crazy Yiuf
  2023 | D:3      | Killed Crazy Yiuf
  2483 | D:5      | Entered Level 5 of the Dungeon
  2502 | D:5      | Reached XP level 7. HP: 67/67 MP: 6/6
  2546 | D:5      | Reached skill level 5 in Unarmed Combat
  2802 | D:5      | Found a sacrificial altar of Ru.
  3224 | D:6      | Reached skill level 6 in Unarmed Combat
  3254 | D:6      | Slain by a kobold brigand

Illustrated notes

Levels and vault maps discovered:
D:1:      minmay_arrival_hallway, layout_loops_ring
D:2:      layout_loops_cross
D:3:      layout_rooms, grunt_temple_overflow_magic_moments, zin_angel,
          trog_book, corexii_leaking_fountain, minmay_surrounded, uniq_sigmund,
          uniq_crazy_yiuf_cottage
D:4:      layout_rooms
D:5:      layout_rooms, nicolae_ru_sacrificial_ziggurat, serial_aquarium,
          aquarium_bridge_square [aquarium_subvault_wall,
          aquarium_subvault_balcony, aquarium_subvault_bridge,
          aquarium_subvault_bridge], aquarium_window_fake, aquarium_window_2,
          aquarium_view_2f, aquarium_balcony_3a
D:6:      layout_layer_cave, minmay_temple_entry_enclosed_plants,
          uniq_blork_the_orc, uniq_menkaure, uniq_eustachio

Skill      XL: |  1  2  3  4  5  6  7 |
---------------+----------------------+-----
Shields        | 3 4 |  4.5
Unarmed Combat | 3 4 6 |  6.0
Dodging        | 3 4 |  4.5
Fighting       | 3 |  3.3
Stealth        | |  0.6

Action                     |  1- 3 |  4- 6 |  7- 9 || total
---------------------------+-------+-------+-------++-------
  Melee: Unarmed           |   104 |   121 |    82 ||   307
    Use: Scroll            |       |    12 |     2 ||    14
 Armour: Robe              |    31 |    32 |    50 ||   113
  Dodge: Dodged            |    33 |    32 |    43 ||   108
  Block: Kite shield       |    58 |    43 |    35 ||   136
